 Dungeon Crawl Stone Soup version 0.30.1-4-g462c640d31 (webtiles) character file.

Game seed: 6209536697059878405

15748 GigaChad the Severer (level 12, -2/103 HPs)
             Began as a Minotaur Fighter on Aug 19, 2023.
             Was a High Priest of Okawaru.
             Slain by a skeletal warrior
             ... wielding a +0 flail
              (18 damage)
             ... on level 12 of the Dungeon.
             The game lasted 00:21:21 (12460 turns).

GigaChad the Severer (Minotaur Fighter)            Turns: 12460, Time: 00:21:22

Health: -2/103     AC: 37    Str: 26    XL:     12   Next: 4%
Magic:  11/11      EV:  7    Int:  5    God:    Okawaru [*****.]
Gold:   1060       SH: 14    Dex: 15    Spells: 11/11 levels left

rFire   + . .        H - +0 broad axe (protect)
rCold   . . .        P - +2 kite shield
rNeg    . . .        X - +2 plate armour {rF+}
rPois   +            (helmet restricted)
rElec   .            G - +0 cloak
rCorr   .            I - +0 pair of gloves "Foeceo" {Will+ Dex+5}
SInv    .            C - +1 pair of boots "Ommol" {rPois}
Will    +....        (no amulet) Stlth
                     i - +4 ring of protection
HPRegen 0.37/turn    w - +4 ring of protection
MPRegen 0.12/turn

%: no passive effects
@: under a protective aura
A: horns 2, retaliatory headbutt
a: Renounce Religion, Heroism, Finesse, Duel


You were on level 12 of the Dungeon.
You worshipped Okawaru.
Okawaru was extremely pleased with you.
You visited 1 branch of the dungeon, and saw 12 of its levels.

You collected 1060 gold pieces.

Inventory:

Hand Weapons
 a - a +0 war axe
 F - a +2 quarterstaff of chaos
 H - a +0 broad axe of protection (weapon)
 T - a +0 vampiric battleaxe
 W - the +7 hand axe "Ticuppam" {freeze, Str+3 Int+5}
   (You took it off an orc on level 11 of the Dungeon)

   Str:       It affects your strength (+3).
   Int:       It affects your intelligence (+5).
Missiles
 Q - 2 throwing nets (quivered)
Armour
 c - a +0 buckler
 m - a +0 chain mail
 C - the +1 pair of boots "Ommol" (worn) {rPois}
   (You found it on level 6 of the Dungeon)

   rPois:     It protects you from poison.
 G - a +0 cloak (worn)
 I - the +0 pair of gloves "Foeceo" (worn) {Will+ Dex+5}
   (You found it on level 7 of the Dungeon)

   Dex:       It affects your dexterity (+5).
   Will:      It increases your willpower.
 P - a +2 kite shield (worn)
 X - a +2 plate armour of fire resistance (worn)
Jewellery
 g - a ring of see invisible
 i - a +4 ring of protection (left hand)
 w - a +4 ring of protection (right hand)
 K - a +6 ring of intelligence
 L - a ring of ice
 S - a ring of magical power
 V - an amulet of faith
Wands
 s - a wand of digging (6)
 t - a wand of iceblast (2)
 B - a wand of polymorph (8)
 D - a wand of flame (11)
 N - a wand of acid (2)
 R - a wand of mindburst (18)
Scrolls
 e - 4 scrolls of identify
 f - 2 scrolls of poison
 l - 2 scrolls of summoning
 o - 5 scrolls of magic mapping
 q - 4 scrolls of teleportation
 v - a scroll of silence
 y - 2 scrolls of fog
 z - 2 scrolls of torment
 J - a scroll of enchant weapon {unknown}
 U - a scroll of immolation {unknown}
Potions
 b - a potion of lignification {unknown}
 d - a potion of might
 h - 9 potions of curing {unknown}
 j - 6 potions of haste {unknown}
 k - a potion of resistance {unknown}
 n - 3 potions of magic {unknown}
 p - 2 potions of brilliance {unknown}
 r - 2 potions of mutation {unknown}
 u - a potion of invisibility
 x - 2 potions of heal wounds {unknown}
 A - a potion of attraction {unknown}
 E - 2 potions of flight {unknown}
 O - 3 potions of degeneration {unknown}


   Skills:
 * Level 8.6 Fighting
 * Level 16.5 Axes
 * Level 11.5 Armour
 * Level 10.6 Shields


You had 11 spell levels left.
You didn't know any spells.
Your spell library contained the following spells:

 Spells                   Type           Power      Damage    Failure   Level
 Freeze                   Ice            0%         1d3       100%        1
 Necrotise                Necr           0%         1d4       100%        1
 Frozen Ramparts          Ice            0%         1d1       100%        3
 Gell's Gravitas          Tloc           0%         N/A       100%        3
 Hailstorm                Conj/Ice       0%         3d3       100%        3
 Teleport Other           Tloc           0%         N/A       100%        3
 Vampiric Draining        Necr           0%         2d6       100%        3
 Agony                    Necr           0%         N/A       100%        5
 Dispersal                Tloc           0%         N/A       100%        6


Dungeon Overview and Level Annotations

Branches:
Dungeon (12/15)            Temple (0/1) D:4            Lair (0/5) D:10
    Orc (0/2) D:9

Altars:
Ashenzari
Dithmenos
Elyvilon
Makhleb
Okawaru
Qazlal
Trog
Uskayaw
Xom
Yredelemnul

Shops:
D:12 *

Portals:
Trove: D:11 (give 5 scrolls of fear)
Sewer: D:4

Annotations:
D:4 exclusion: oklob sapling
D:9 3 runed translucent doors, Pepete's ghost, novice DrFE


Innate Abilities, Weirdness & Mutations

You have a pair of horns on your head.
You reflexively headbutt those who attack you in melee.


Message History

You hit the skeletal warrior but do no damage.
You closely miss the skeletal warrior.
The skeletal warrior hits you but does no damage.
You block the skeletal warrior's attack.
The skeletal warrior hits you but does no damage.
You hit the skeletal warrior but do no damage.
You headbutt the skeletal warrior.
The skeletal warrior is severely damaged.
You slash the skeletal warrior! You barely miss the skeletal warrior.
Unknown command.
You slice the skeletal warrior!!
The skeletal warrior is almost destroyed.
You hit the skeletal warrior but do no damage.
You closely miss the skeletal warrior. The skeletal warrior barely misses you.
The skeletal warrior hits you with a +0 flail.
* * * LOW HITPOINT WARNING * * *
You block the skeletal warrior's attack.
You closely miss the skeletal warrior. You headbutt the skeletal warrior.
You destroy the skeletal warrior!
Okawaru is honoured by your kill. Okawaru grants you a weapon!
Something appears at your feet!
You see here the +2 battleaxe "Ygega" {chaos, +Blink rF+ Int+3}.
You hit the skeletal warrior but do no damage.
You completely miss the skeletal warrior.
You block the skeletal warrior's attack.
The skeletal warrior hits you but does no damage.
You have reached level 12!
You feel stronger.
The skeletal warrior hits you but does no damage.
The skeletal warrior hits you with a +0 flail!
* * * LOW HITPOINT WARNING * * *
You see here a +0 long sword.
Unknown command.
You closely miss the skeletal warrior.
The skeletal warrior is severely damaged.
You hit the skeletal warrior but do no damage.
You block the skeletal warrior's attack.
The skeletal warrior hits you with a +0 flail!!
You die...

#####.##...©#©?
#.##+##.###.###...#..
+..............######
#...........÷..#####
#..................##
...................#
#..##..##...###..##
##.z######...######
#..@)).........#
#..z........<..#
#..............#
#..............#
#..........#..##
###############


You could see 2 skeletal warriors.

Vanquished Creatures
  2 centaur warriors (D:10)
  2 two-headed ogres
  2 skeletal warriors (D:12)
  An orc knight (D:10)
  A manticore (D:10)
  A cyclops (D:11)
  The ghost of Esekla the Reanimator, a novice DENe of Vehumet (D:7)
  A spectral unseen horror (D:7)
  A gargoyle (D:12)
  2 kobold demonologists (D:9)
  3 trolls
  A hornet (D:10)
  5 slime creatures (D:12)
  Grinder (D:4)
  Sigmund (D:6)
  10 yaks
  A wyvern (D:10)
  A wraith (D:10)
  Eustachio (D:6)
  2 basilisks
  A steam dragon (D:5)
  A vampire mosquito (D:10)
  3 acid dragons
  12 orc warriors
  2 sky beasts (D:8)
  2 ice beasts
  An ogre (D:7)
  7 centaurs
  2 phantoms (D:6)
  5 kobold brigands
  2 bullfrogs
  2 gnoll sergeants
  2 scorpions
  6 wights
  A killer bee (D:10)
  4 howler monkeys
  Crazy Yiuf (D:6)
  7 hounds
  9 orc priests
  4 gnoll boudas
  Ijyb (D:4)
  2 iguanas
  8 orc wizards
  A centaur simulacrum (D:7)
  2 howler monkey zombies (D:7)
  23 gnolls
  A howler monkey skeleton (D:7)
  9 adders
  A white imp (D:10)
  2 ufetubi
  7 worms
  3 dart slugs
  50 orcs
  6 ball pythons
  8 endoplasms
  3 giant cockroaches
  4 goblins
  6 hobgoblins
  5 quokkas
  2 bats
  4 frilled lizards
  19 kobolds
  3 rats
284 creatures vanquished.

Notes
Turn   | Place    | Note
-------+----------+-------------------------------------------
     0 | D:1      | GigaChad the Minotaur Fighter began the quest for the Orb.
     0 | D:1      | Reached XP level 1. HP: 19/19 MP: 0/0
   287 | D:1      | Reached XP level 2. HP: 27/27 MP: 1/1
   566 | D:2      | Reached XP level 3. HP: 33/33 MP: 2/2
   614 | D:2      | Reached skill level 3 in Axes
   670 | D:2      | Identified the +1 robe "Inuhol" {rPois rF+ Stlth+}
  1142 | D:2      | Reached XP level 4. HP: 40/40 MP: 3/3
  1466 | D:3      | Found a burning altar of Makhleb.
  1896 | D:3      | Reached skill level 4 in Axes
  2471 | D:3      | Found a hide-covered altar of Uskayaw.
  2535 | D:4      | Noticed Grinder
  2542 | D:4      | Reached XP level 5. HP: 36/46 MP: 4/4
  2544 | D:4      | Paralysed by Grinder for 3 turns
  2557 | D:4      | Killed Grinder
  2558 | D:4      | Reached skill level 5 in Axes
  2558 | D:4      | Reached skill level 5 in Armour
  2558 | D:4      | Reached XP level 6. HP: 16/52 MP: 5/5
  2692 | D:4      | Found a glowing drain.
  2734 | D:4      | Noticed Ijyb
  2749 | D:4      | Killed Ijyb
  2823 | D:4      | Reached skill level 6 in Axes
  3180 | D:4      | Found a staircase to the Ecumenical Temple.
  3247 | D:5      | Entered Level 5 of the Dungeon
  3247 | D:5      | Noticed a steam dragon
  3254 | D:5      | Killed a steam dragon
  3255 | D:5      | Reached skill level 5 in Shields
  3255 | D:5      | Reached XP level 7. HP: 37/60 MP: 6/6
  3821 | D:5      | Reached skill level 7 in Axes
  4730 | D:6      | Reached skill level 8 in Axes
  4812 | D:6      | Reached skill level 5 in Fighting
  4812 | D:6      | Reached XP level 8. HP: 68/68 MP: 7/7
  4941 | D:6      | Identified the +1 pair of boots "Ommol" {rPois}
  5185 | D:6      | Noticed Eustachio
  5196 | D:6      | Killed Eustachio
  5197 | D:6      | Reached skill level 9 in Axes
  5274 | D:6      | Noticed Sigmund
  5320 | D:6      | Killed Sigmund
  5448 | D:6      | Reached skill level 10 in Axes
  5693 | D:6      | Found a runed translucent door.
  5694 | D:6      | Noticed Crazy Yiuf
  5924 | D:6      | Killed Crazy Yiuf
  6565 | D:7      | Identified the +0 pair of gloves "Foeceo" {Will+ Dex+5}
  6568 | D:7      | Noticed a two-headed ogre
  6579 | D:7      | Killed a two-headed ogre
  6580 | D:7      | Reached skill level 11 in Axes
  6580 | D:7      | Reached XP level 9. HP: 47/75 MP: 8/8
  6984 | D:7      | Found a runed translucent gate.
  6984 | D:7      | Found a runed translucent gate.
  6985 | D:7      | Found a runed translucent gate.
  6985 | D:7      | Noticed a spectral unseen horror
  7023 | D:7      | Noticed Esekla's ghost (novice DENe)
  7052 | D:7      | Killed Esekla's ghost
  7053 | D:7      | Reached skill level 12 in Axes
  7066 | D:7      | Killed a spectral unseen horror
  7409 | D:7      | Reached XP level 10. HP: 70/83 MP: 9/9
  7725 | D:8      | Reached skill level 13 in Axes
  8014 | D:8      | Found a shimmering altar of Xom.
  8014 | D:8      | Found an iron altar of Okawaru.
  8023 | D:8      | Found a basalt altar of Yredelemnul.
  8026 | D:8      | Found a stormy altar of Qazlal.
  8028 | D:8      | Found a broken altar of Ashenzari.
  8054 | D:8      | Became a worshipper of Warmaster Okawaru
  8265 | D:9      | Noticed a two-headed ogre
  8271 | D:9      | Found a runed translucent gate.
  8271 | D:9      | Found a runed translucent gate.
  8271 | D:9      | Found a runed translucent gate.
  8271 | D:9      | Noticed Pepete's ghost (novice DrFE)
  8272 | D:9      | Noticed a deep elf knight
  8276 | D:9      | a rime drake changed into a cane toad
  8276 | D:9      | Noticed a cane toad (shapeshifter)
  8286 | D:9      | a cane toad changed into a culicivora
  8288 | D:9      | a culicivora changed into a cyclops
  8288 | D:9      | Noticed a cyclops (shapeshifter)
  8294 | D:9      | a cyclops changed into a manticore
  8294 | D:9      | Noticed a manticore (shapeshifter)
  8299 | D:9      | a manticore changed into a swamp dragon
  8299 | D:9      | Noticed a swamp dragon (shapeshifter)
  8345 | D:9      | Found a white marble altar of Elyvilon.
  8517 | D:9      | Noticed an orange demon
  8522 | D:9      | Noticed an orange demon
  8522 | D:9      | Reached * piety under Okawaru
  8540 | D:9      | Reached skill level 14 in Axes
  8545 | D:9      | Reached skill level 10 in Armour
  8689 | D:9      | Found a staircase to the Orcish Mines.
  8725 | D:9      | Found a bloodstained altar of Trog.
  8764 | D:9      | Noticed an ice dragon
  8781 | D:9      | an ice dragon changed into a five-headed hydra
  8781 | D:9      | Noticed a five-headed hydra (shapeshifter)
  8957 | D:10     | Entered Level 10 of the Dungeon
  8964 | D:10     | Found a shadowy altar of Dithmenos.
  9213 | D:10     | Found a staircase to the Lair.
  9386 | D:10     | Noticed an orc knight
  9386 | D:10     | Noticed a centaur warrior
  9386 | D:10     | Noticed a two-headed ogre
  9387 | D:10     | Noticed a death knight
  9388 | D:10     | Reached ** piety under Okawaru
  9390 | D:10     | Noticed a brown ugly thing
  9390 | D:10     | Noticed a tengu warrior
  9398 | D:10     | Killed a centaur warrior
  9883 | D:10     | Reached XP level 11. HP: 92/92 MP: 10/10
  9951 | D:10     | Killed an orc knight
 10154 | D:11     | Reached skill level 15 in Axes
 10575 | D:11     | Killed a two-headed ogre
 10575 | D:11     | Reached *** piety under Okawaru
 10945 | D:11     | Found a hide-covered altar of Uskayaw.
 10947 | D:11     | Noticed a +0 hand axe
 10947 | D:11     | Noticed a +0 hand axe
 11172 | D:11     | Found a portal to a secret trove of treasure.
 11311 | D:11     | Identified the +7 hand axe "Ticuppam" {freeze, Str+3 Int+5}
 11337 | D:11     | Reached **** piety under Okawaru
 11517 | D:10     | Noticed a centaur warrior
 11527 | D:10     | Killed a centaur warrior
 11539 | D:10     | Reached skill level 10 in Shields
 11558 | D:10     | Noticed a deep elf pyromancer
 11564 | D:10     | Reached ***** piety under Okawaru
 11565 | D:10     | Reached skill level 16 in Axes
 12149 | D:12     | Found a transporter.
 12359 | D:12     | Found a transporter.
 12359 | D:12     | Found Hiokhla's General Store.
 12420 | D:12     | Noticed a skeletal warrior
 12434 | D:12     | Killed a skeletal warrior
 12435 | D:12     | Noticed a skeletal warrior
 12436 | D:12     | Noticed a skeletal warrior
 12436 | D:12     | Noticed a skeletal warrior
 12458 | D:12     | Killed a skeletal warrior
 12458 | D:12     | Identified the +2 battleaxe "Ygega" {chaos, +Blink rF+
                  | Int+3} (Okawaru gifted it to you on level 12 of the
                  | Dungeon)
 12458 | D:12     | Received a gift from Okawaru
 12459 | D:12     | Reached XP level 12. HP: 28/103 MP: 11/11
 12460 | D:12     | Slain by a skeletal warrior

Illustrated notes

Levels and vault maps discovered:
D:1:      saegor_arrival_simple_a, layout_basic, minmay_misc_feat_room,
          nicolae_wormholes
D:2:      minmay_razor_zed, layout_loops_ring
D:3:      layout_basic, bloody_makhleb, mainiacjoe_overflow_alcove_2
D:4:      layout_gridville, minmay_temple_entry_oklob,
          cheibrodos_sewer_entry_drain, uniq_ijyb, uniq_grinder
D:5:      layout_loops_corners
D:6:      layout_loops_corners, uniq_sigmund, uniq_eustachio,
          uniq_crazy_yiuf_cottage
D:7:      layout_loops_cross, gammafunk_ghost_necromancy
D:8:      layout_rooms, chequers_temple_overflow_minitemple
D:9:      layout_basic, elyvilon_altar_4, lemuel_tele_altar,
          gammafunk_ghost_split, minmay_increasing_density
D:10:     minmay_the_grid_octo_tiled_squarecenter [minmay_the_grid_octo_77,
          minmay_the_grid_octo_focus, minmay_the_grid_octo_checkerflower,
          minmay_the_grid_octo_clover_2,
          minmay_the_grid_square_5x5_megaprize_checkered,
          minmay_the_grid_square_5x5_n_small, minmay_the_grid_square_5x5_forky,
          minmay_the_grid_square_5x5_half_checkered,
          minmay_the_grid_square_5x5_moneybag], layout_basic,
          old_standard_altar, dreamdust_wishing_well, minmay_fire_ice_demons,
          uniq_grum
D:11:     layout_roguey [special_room_orc], enter_trove_2,
          dancing_weapons_uskayaw
D:12:     layout_gridville, gauntlet_entry_generic, serial_shops,
          nicolae_shop_drivethru, nicolae_shop_tiny_real_fake_doors,
          nicolae_shop_industrial_runoff, minmay_librarian

Skill      XL: |  1  2  3  4  5  6  7  8  9 10 11 |
---------------+----------------------------------+-----
Armour         | 4 5 6 8 9 10 11 | 11.5
Shields        | 4 5 6 7 8 10 | 10.6
Axes           | 3 4 5 6 8 11 12 14 16 | 16.5
Fighting       | 4 5 6 7 8 |  8.6

Action                     |  1- 3 |  4- 6 |  7- 9 | 10-12 || total
---------------------------+-------+-------+-------+-------++-------
  Melee: War axe           |    52 |   139 |   164 |       ||   355
         Headbutt          |     9 |    23 |    51 |    97 ||   180
         Unarmed           |       |       |     6 |       ||     6
         Broad axe         |       |       |   104 |   443 ||   547
    Use: Scroll            |     5 |       |     1 |    17 ||    23
 Armour: Scale mail        |    16 |       |       |       ||    16
         Chain mail        |     5 |    72 |   162 |       ||   239
         Skin              |       |       |     1 |       ||     1
         Plate armour      |       |       |     3 |   272 ||   275
  Dodge: Dodged            |    21 |    37 |    95 |   103 ||   256
  Block: Buckler           |    11 |    24 |    85 |    20 ||   140
         Kite shield       |       |       |       |   275 ||   275
